 Dungeon Crawl Stone Soup version 0.29.1-15-g9cfb28693d (webtiles) character file.

Game seed: 12581713442111599188

8 Tristanesk the Magician (level 2, 19/19 HPs)
             Began as a Human Hedge Wizard on Apr 24, 2023.
             Quit the game on level 1 of the Dungeon.
             The game lasted 00:04:44 (651 turns).

Tristanesk the Magician (Human Hedge Wizard)         Turns: 651, Time: 00:04:44

Health: 19/19      AC:  2    Str: 10    XL:     2   Next: 15%
Magic:  6/6        EV: 12    Int: 14    God:
Gold:   26         SH:  0    Dex: 12    Spells: 6/7 levels left

rFire   . . .      SeeInvis .   a - +0 dagger (drain)
rCold   . . .      Faith    .   (no shield)
rNeg    . . .      Spirit   .   b - +0 robe
rPois   .          Reflect  .   c - +0 hat
rElec   .          Harm     .   (no cloak)
rCorr   .          Rampage  .   (no gloves)
Will    .....                   (no boots)
Stlth   ++........              (no amulet)
HPRegen 0.06/turn               (no ring)
MPRegen 0.10/turn               (no ring)

@: no status effects
A: no striking features
a: no special abilities


You were on level 1 of the Dungeon.
You visited 1 branch of the dungeon, and saw 1 of its levels.

You collected 26 gold pieces.

Inventory:

Hand Weapons
 a - a +0 dagger of draining (weapon)
 e - a +0 club
Armour
 b - a +0 robe (worn)
 c - a +0 hat (worn)
Potions
 d - a potion of magic
 g - a potion of ambrosia {unknown}


   Skills:
 + Level 2.0 Dodging
 + Level 2.6 Stealth
 + Level 3.1 Spellcasting
 + Level 1.0 Conjurations
 + Level 1.0 Summonings
 + Level 1.0 Translocations


You had 6 spell levels left.
You knew the following spells:

 Your Spells              Type           Power      Damage    Failure   Level
a - Magic Dart            Conj           20%        1d4       14%         1

Your spell library contained the following spells:

 Spells                   Type           Power      Damage    Failure   Level
 Slow                     Hex            8%         N/A       22%         1
 Blink                    Tloc           10%        N/A       22%         2
 Call Imp                 Summ           5%         N/A       22%         2
 Conjure Flame            Conj/Fire      3%         6-21      45%         3
 Mephitic Cloud           Conj/Pois/Air  3%         N/A       50%         3


Dungeon Overview and Level Annotations

Branches:
Dungeon (1/15)

Altars:


Message History

You don't know that spell.
Casting: Magic Dart (safe; 14% risk of failure)
Confirm with . or Enter, or press ? or * to list all spells.
You can't see any susceptible monsters within range! (Use Z to cast anyway.)
Casting: Magic Dart (safe; 14% risk of failure)
Confirm with . or Enter, or press ? or * to list all spells.
You don't know that spell.
Unknown command.
Welcome back, Tristanesk the Human Hedge Wizard.
Press ? for a list of commands and other information.
Unknown command.
There are no items here.
You feel your willpower return.
HP restored.
There is a stone staircase leading down here.
A rat comes into view.
A rat is nearby!
The rat bites you but does no damage.
You hit the rat.
You kill the rat!
You see here a rat corpse.
There are no objects that can be picked up here. a rat corpse You start waiting.
Done waiting.
You start waiting.
Done waiting.
You start waiting.
Done waiting.
You start waiting.
Done waiting.
Unknown command.
Unknown command.
Welcome back, Tristanesk the Human Hedge Wizard.
Press ? for a list of commands and other information.
Welcome back, Tristanesk the Human Hedge Wizard.
Press ? for a list of commands and other information.
Unknown command.
Your magic is already full.
Are you sure you want to abandon this character and quit the game? (Confirm with "yes".)

#....# ###.. ....#
##.... #...#
#..... #...# #
#.... #...#
#.###.... #...##
#......≈≈ #.÷..#
#.##..≈≈♣ ####.##
##.#..≈≈.. #.@#
....#.≈≈... ##.##
.#..#.≈.... #..#
.#..#.≈..♣. ##.#
#.#..#.≈≈..8
#.####.##.#..≈≈..
#....#....##..≈≈.
####..###†.....≈≈
######.##..##.....
#........>.###....


There were no monsters in sight!

Vanquished Creatures
  2 dart slugs (D:1)
  A goblin (D:1)
  2 rats (D:1)
5 creatures vanquished.

Notes
Turn   | Place    | Note
-------+----------+-------------------------------------------
     0 | D:1      | Tristanesk the Human Hedge Wizard began the quest for the
                  | Orb.
     0 | D:1      | Reached XP level 1. HP: 13/13 MP: 4/4
    99 | D:1      | Reached XP level 2. HP: 11/19 MP: 6/6
   651 | D:1      | Quit the game

Illustrated notes

Levels and vault maps discovered:
D:1:      moated_graveyard_arrival, layout_basic,
          dreamdust_ecumenical_altar_statues, minmay_misc_feat_doors,
          minivault_4, minmay_surrounded

Action                   || total
-------------------------++-------
Melee: Dagger            ||    13
  Use: Scroll            ||     2
Armor: Robe              ||     3
Dodge: Dodged            ||     5
